 Dungeon Crawl Stone Soup version 0.22.1-1-ga44c0e5 (webtiles) character file.

10213 bnggit the Carver (level 11, -3/94 HPs)
             Began as a Pale Draconian Berserker on Sept 24, 2018.
             Was a High Priest of Trog.
             Hit by a large rock thrown by a cyclops (14 damage)
             ... on level 11 of the Dungeon on Sept 25, 2018.
             The game lasted 01:00:36 (10005 turns).

bnggit the Carver (Pale Draconian Berserker)       Turns: 10005, Time: 01:00:37

Health: -3/94      AC: 13    Str: 22    XL:     11   Next: 33%
Magic:  11/11      EV: 15    Int:  9    God:    Trog [*****.]
Gold:   591        SH:  3    Dex: 10    Spells: 10/10 levels left

rFire    + + .     SeeInvis .   c - +1 long sword (slice)
rCold    x . .     Gourm    .   a - +0 buckler
rNeg     . . .     Faith    .   (armour unavailable)
rPois    .         Spirit   .   (helmet restricted)
rElec    .         Reflect  .   D - +2 cloak
rCorr    .         Harm     .   (no gloves)
MR       .....                  m - +2 pair of boots
Stlth    +++.......             (no amulet)
HPRegen  0.25/turn              n - ring of fire
MPRegen  0.12/turn              h - ring of protection from fire

@: no status effects
A: breathe steam, unfitting armour, antennae 1, cold-blooded, MP-powered wands,
AC +7
a: Breathe Steam, Berserk, Trog's Hand, Brothers in Arms, Renounce Religion


You were on level 11 of the Dungeon.
You worshipped Trog.
Trog was extremely pleased with you.
You were not hungry.

You visited 2 branches of the dungeon, and saw 12 of its levels.

You collected 591 gold pieces.

Inventory:

Hand Weapons
 c - a +1 long sword of slicing (weapon)
 p - a +0 great sword
 B - the +7 trident of Ru's Brutal Revenge {elec, rF+ SInv}
   (You found it on level 9 of the Dungeon)

   Occasionally, upon striking a foe, it will discharge some electrical energy
   and cause terrible harm.
   It protects you from fire.
   It lets you see invisible.
 C - a +4 quarterstaff of chaos
 I - a +0 short sword
 K - a +2 scimitar
Missiles
 r - 141 bolts (quivered)
 F - 8 curare-tipped needles
 H - 62 sling bullets
 N - a throwing net
Armour
 a - a +0 buckler (worn)
 g - a scarf of resistance
 l - a scarf of spirit shield
 m - a +2 pair of boots (worn)
 D - a +2 cloak (worn)
 E - a +0 robe
 M - a +0 pair of boots
Magical Staves
 J - an uncursed staff of fire
Jewellery
 f - an uncursed ring of magical power
 h - a ring of protection from fire (right hand)
 n - a ring of fire (left hand)
 A - an uncursed ring of protection from cold
 G - a +3 ring of evasion
Wands
 i - a wand of iceblast (16)
 s - a wand of paralysis (10)
 u - a wand of digging (13)
 w - a wand of acid (12)
 y - a wand of flame (18)
Scrolls
 d - 14 scrolls of remove curse
 o - 3 scrolls of teleportation
 q - 2 scrolls of immolation
 t - a scroll of blinking
 v - 6 scrolls of identify
 x - 2 scrolls of magic mapping
Potions
 e - 7 potions of curing
 j - 2 potions of brilliance
 z - a potion of might
 O - a potion of cancellation
Comestibles
 b - 21 rations


   Skills:
 + Level 8.0 Fighting
 * Level 13.0 Long Blades
   Level 3.8 Maces & Flails
 * Level 7.8 Dodging
 + Level 4.8 Stealth
 + Level 1.2 Shields


You had 10 spell levels left.
You didn't know any spells.
Your spell library contained the following spells:

 Spells                   Type           Power        Failure   Level  Hunger
 Animate Skeleton         Necr           N/A          50%         1    ##.....
 Infusion                 Chrm           #...         50%         1    ##.....
 Pain                     Necr           #...         50%         1    ##.....
 Shroud of Golubria       Chrm/Tloc      #.........   65%         2    ###....
 Song of Slaying          Chrm           #.......     65%         2    ###....
 Regeneration             Chrm/Necr      #.........   86%         3    ####...
 Spectral Weapon          Hex/Chrm       #.......     86%         3    ####...
 Vampiric Draining        Necr           #.........   86%         3    ####...
 Animate Dead             Necr           N/A          99%         4    #####..


Dungeon Overview and Level Annotations

Branches:
Dungeon (11/15)            Temple (1/1) D:4
   Lair: D:8-11         Orc: D:9-12

Altars:
Ashenzari
Cheibriados
Dithmenos
Elyvilon
Fedhas
Gozag
Hepliaklqana
Kikubaaqudgha
Makhleb
Nemelex Xobeh
Okawaru
Qazlal
Ru
Sif Muna
Trog
Uskayaw
Vehumet
Wu Jian
Xom
Yredelemnul
Zin
The Shining One

Shops:
D:10 *

Annotations:
D:10 exclusion: eye of draining


Innate Abilities, Weirdness & Mutations

You can breathe blasts of scalding, opaque steam.
Your pale cyan-grey scales are hard. (AC +7)
You cannot fit into any form of body armour.
You are cold-blooded and may be slowed by cold attacks.
You have a pair of small antennae on your head.
You expend magic power (3 MP) to strengthen your wands.


Message History

The scorpion is severely wounded.
The centaur warrior wields a glowing shortbow.
It bursts into flame!
The centaur warrior shoots an arrow.
The arrow hits you. The arrow burns you.
The scorpion stings you but does no damage.
You hit the scorpion.
You kill the scorpion!
Trog accepts your kill.
The centaur warrior shoots an arrow.
The arrow hits you! The arrow burns you.
The cyclops throws a large rock.
The large rock hits you!
The centaur warrior shoots an arrow.
The arrow hits you. The arrow burns you.
You see here an arrow.
The centaur warrior shoots an arrow.
The arrow hits you!
* * * LOW HITPOINT WARNING * * *
The centaur warrior shoots an arrow.
The arrow barely misses you.
You see here an arrow.
The centaur warrior shoots an arrow.
The arrow hits you!
* * * LOW HITPOINT WARNING * * *
The cyclops throws a large rock.
The large rock hits you!
You die...

#.#.# #)#.# #.. #.........
#...#####.#.##.#.##..####.......
###.........##.#.##..# #.......
#.####.###..[..##C.# ##......
#.# #.# #......#..# ##..... #.#
#.# #.........# ##...# #.# #.#
#......#..########.## #.# #.#
#......#...........# #.#
#.####c.@(((.###########
###.####.......##.### ####
#.....# #####..##.# #...
#.#.#.#######..##.# ########.##
#.#...............# #........#
#.###.#######..#### #.##.....#
#.....# #..#######.##.#...#
####### #..##.........#.#.##
#.....###...###.#...


You could see a centaur warrior and a cyclops.

Vanquished Creatures
  2 two-headed ogres
  2 unseen horrors
  Pikel (D:4)
  An elephant (D:11)
  A troll (D:11)
  2 hippogriffs (D:11)
  Sigmund (D:3)
  Grum (D:8)
  A hungry ghost (D:7)
  Menkaure (D:5)
  2 soldier ants (D:8)
  3 orc warriors
  2 sky beasts
  An eye of draining (D:10)
  A necrophage (D:10)
  A phantom (D:10)
  2 black bears
  2 ice beasts (D:5)
  2 ogres
  2 wolves (D:8)
  10 centaurs
  2 crocodiles
  7 bullfrogs
  A water moccasin zombie (D:9)
  2 gnoll sergeants
  A wyvern skeleton (D:11)
  7 scorpions
  3 wights (D:9)
  5 howler monkeys
  4 crimson imps
  A centaur zombie (D:6)
  3 orc priests
  17 hounds
  4 jellies
  Crazy Yiuf (D:7)
  2 gnoll shamans (D:10)
  2 centaur skeletons
  2 bullfrog skeletons
  Ijyb (D:3)
  3 iguanas
  5 worker ants
  Natasha (twice) (D:4)
  9 orc wizards
  A hound zombie (D:5)
  A hound skeleton (D:5)
  A howler monkey zombie (D:7)
  19 gnolls
  14 adders
  3 shadow imps
  An ooze (D:3)
  4 adder skeletons
  6 worms
  A dart slug (D:4)
  9 leopard geckos
  22 orcs
  4 bats
  5 giant cockroaches
  7 hobgoblins
  14 jackals
  8 kobolds
  8 quokkas
  3 frilled lizards
  7 goblins
  A jackal skeleton (D:4)
  A leopard gecko skeleton (D:7)
  8 rats
  A spectral orc (D:2)
274 creatures vanquished.

Vanquished Creatures (others)
  A shadow (D:11)
  A jackal (D:4)
  A fungus (D:11)
3 creatures vanquished.

Grand Total: 277 creatures vanquished

Notes
Turn   | Place    | Note
-------+----------+-------------------------------------------
     0 | D:1      | bnggit the Draconian Berserker began the quest for the Orb.
     0 | D:1      | Reached XP level 1. HP: 19/19 MP: 1/1
   213 | D:1      | Reached XP level 2. HP: 24/26 MP: 2/2
  1103 | D:2      | Reached XP level 3. HP: 26/33 MP: 3/3
  1534 | D:2      | Found a blossoming altar of Fedhas.
  1680 | D:2      | Reached XP level 4. HP: 40/40 MP: 4/4
  1717 | D:2      | Found a basalt altar of Yredelemnul.
  1767 | D:2      | Reached ** piety under Trog
  1885 | D:2      | Found an ornate altar of the Wu Jian Council.
  2250 | D:3      | Reached skill level 1 in Stealth
  2310 | D:3      | Noticed Sigmund
  2319 | D:3      | Killed Sigmund
  2319 | D:3      | Reached skill level 2 in Long Blades
  2319 | D:3      | Reached XP level 5. HP: 46/47 MP: 5/5
  2559 | D:3      | Reached XP level 6. HP: 41/53 MP: 6/6
  2666 | D:3      | Noticed Ijyb
  2681 | D:3      | Killed Ijyb
  2875 | D:4      | Noticed a slave
  2875 | D:4      | Noticed a slave
  2876 | D:4      | Noticed a slave
  2877 | D:4      | Noticed Pikel
  2877 | D:4      | Noticed a slave
  2903 | D:4      | Killed Pikel
  2903 | D:4      | Reached skill level 5 in Fighting
  2903 | D:4      | Reached skill level 5 in Long Blades
  2903 | D:4      | Your scales start taking on a pale cyan-grey colour.
  2903 | D:4      | Reached XP level 7. HP: 40/61 MP: 7/7
  2949 | D:4      | Found a staircase to the Ecumenical Temple.
  3156 | D:4      | Found a sparkling altar of Nemelex Xobeh.
  3164 | D:4      | Reached *** piety under Trog
  3196 | D:4      | Reached skill level 6 in Long Blades
  3199 | D:4      | Found a shadowy altar of Dithmenos.
  3263 | D:4      | Noticed Natasha
  3271 | D:4      | Killed Natasha
  3271 | D:4      | Reached XP level 8. HP: 68/68 MP: 8/8
  3452 | D:4      | Noticed Natasha
  3461 | D:4      | Killed Natasha
  3469 | Temple   | Entered the Ecumenical Temple
  3637 | D:5      | Entered Level 5 of the Dungeon
  3810 | D:5      | Reached skill level 7 in Long Blades
  3810 | D:5      | Reached skill level 5 in Dodging
  3960 | D:5      | Found a burning altar of Makhleb.
  4011 | D:5      | Found a glowing silver altar of Zin.
  4042 | D:5      | Noticed Menkaure
  4050 | D:5      | Reached skill level 8 in Long Blades
  4053 | D:5      | Killed Menkaure
  4191 | D:5      | Found a shattered altar of Ashenzari.
  4550 | D:6      | Reached XP level 9. HP: 52/75 MP: 9/9
  4612 | D:6      | Reached **** piety under Trog
  4716 | D:6      | Reached skill level 9 in Long Blades
  5495 | D:7      | Found a snail-covered altar of Cheibriados.
  5511 | D:7      | Reached skill level 10 in Long Blades
  5631 | D:7      | Found a runed door.
  5635 | D:7      | Noticed Crazy Yiuf
  5637 | D:7      | Killed Crazy Yiuf
  6113 | D:8      | Noticed Grum
  6129 | D:8      | Killed Grum
  6129 | D:8      | Reached XP level 10. HP: 72/84 MP: 6/10
  6162 | D:8      | Found a glowing golden altar of the Shining One.
  6165 | D:8      | Received a gift from Trog
  6312 | D:8      | Reached skill level 11 in Long Blades
  7581 | D:9      | Got a warped trident
  7979 | D:9      | Identified the +7 trident of Ru's Brutal Revenge {elec, rF+
                  | SInv} (You found it on level 9 of the Dungeon)
  8206 | D:10     | Entered Level 10 of the Dungeon
  8378 | D:10     | Killed an unseen horror
  8722 | D:10     | Reached skill level 12 in Long Blades
  8789 | D:10     | Gained mutation: You have a pair of small antennae on your
                  | head. [potion of mutation]
  8789 | D:10     | Gained mutation: You expend magic power (3 MP) to
                  | strengthen your wands. [potion of mutation]
  8877 | D:10     | Found Rekhasoe's General Store.
  9100 | D:10     | Noticed a two-headed ogre
  9112 | D:10     | Killed a two-headed ogre
  9261 | D:10     | Reached ***** piety under Trog
  9415 | D:11     | Killed an unseen horror
  9415 | D:11     | Reached XP level 11. HP: 82/93 MP: 11/11
  9649 | D:11     | HP: 1/93 [centaur/arrow (14)]
  9802 | D:11     | Noticed a two-headed ogre
  9821 | D:11     | Killed a two-headed ogre
  9821 | D:11     | Reached skill level 13 in Long Blades
  9821 | D:11     | Reached skill level 1 in Shields
  9988 | D:11     | Noticed a centaur warrior
 10005 | D:11     | Hit by a large rock thrown by a cyclops

Skill      XL: |  1  2  3  4  5  6  7  8  9 10 11 |
---------------+----------------------------------+-----
Dodging        | 3 4 5 6 7 |  7.8
Fighting       | 4 5 6 7 8 |  8.0
Stealth        | 1 2 4 |  4.8
Long Blades    | 2 5 6 8 10 12 13 | 13.0
Shields        | 1 |  1.2
Maces & Flails | |  3.8

Action                   |  1- 3 |  4- 6 |  7- 9 | 10-12 || total
-------------------------+-------+-------+-------+-------++-------
Melee: Mace              |   116 |    25 |       |       ||   141
       Tailslap          |     7 |    16 |    46 |    41 ||   110
       Long sword        |       |    84 |   259 |   280 ||   623
Invok: Berserk           |       |     2 |     4 |     5 ||    11
       Trog's Hand       |       |       |     2 |       ||     2
 Abil: Breathe Steam     |       |       |    11 |    18 ||    29
Evoke: Wand              |       |       |       |     1 ||     1
  Use: Scroll            |     3 |     4 |     2 |    13 ||    22
       Potion            |     2 |     4 |     1 |     7 ||    14
 Stab: Sleeping          |     3 |     1 |     6 |     5 ||    15
       Distracted        |       |       |     1 |       ||     1
  Eat: Chunk             |     2 |     5 |    10 |    10 ||    27
       Ration            |       |       |     2 |     3 ||     5
Armor: Skin              |    42 |    25 |    51 |    86 ||   204
Dodge: Dodged            |    89 |    83 |   196 |   194 ||   562
Block: Buckler           |       |       |       |    28 ||    28
       Rpst.: Long sword |       |    25 |    57 |    50 ||   132
